Map: Frozen Temple

Players

Miszu - Winner!

  • Race: Terran Terran
  • League: Grandmaster

TMN

  • Race: Protoss Protoss
  • League: Master

VOD

Have the link to the VOD?

Description

Time

  • Played on: May 26, 2016, 1:04 p.m.
  • Length: 9:06
Show
View Real Time Build Order
Export as new Build Order

Miszu Terran - Winner!

Build Orders: Reaper Expand, MMM Bio 

Get SALT Encoding   

  12  0:01  SCV  
  13  0:13  SCV  
  14  0:17  Supply Depot  
  14  0:25  SCV  
  15  0:39  SCV  
  16  0:42  Barracks  
  16  0:45  Refinery  
  16  0:51  SCV  
  17  1:03  SCV  
  18  1:15  SCV  
  19  1:29  Orbital Command  
  19  1:30  Reaper  
  20  1:40  Command Center  
  20  1:50  Supply Depot  
  20  1:55  SCV  
  21  2:03  Barracks Reactor  
  21  2:06  Engineering Bay  
  21  2:07  SCV  
  22  2:19  SCV  
  22  2:22  Barracks  
  23  2:31  SCV  
  23  2:34  Terran Infantry Weapons Level 1  
  24  2:39  Marine x2  
  24  2:40  Bunker  
  24  2:44  SCV  
  26  2:56  SCV  
  26  3:06  Marine  
  26  3:13  Orbital Command  
  26  3:16  Marine  
  26  3:17  Marine  
  28  3:21  SCV  
  27  3:28  Marine  
  27  3:33  SCV  
  28  3:34  Marine  
  27  3:45  SCV  
  27  3:47  Marine  
  27  3:50  Barracks Tech Lab  
  27  3:52  Marine, Missile Turret  
  25  4:05  Marine  
  25  4:10  Marine  
  25  4:15  Stimpack  
  25  4:16  Marine  
  25  4:21  Bunker  
  25  4:23  Marine  
  25  4:28  Marine  
  25  4:29  SCV  
  27  4:35  Marauder  
  28  4:41  Marine  
  30  4:52  Marine  
  30  4:56  Marine  
  30  4:58  Bunker  
  27  5:10  Marine  
  26  5:17  Marauder  
  26  5:20  SCV  
  26  5:21  SCV  
  26  5:28  Marine  
  25  5:30  Barracks  
  25  5:33  SCV x2  
  28  5:45  SCV x2  
  28  5:46  Supply Depot  
  28  5:48  Supply Depot  
  30  5:50  Orbital Command  
  30  5:56  Factory  
  30  6:08  Marine, Marauder, SCV  
  34  6:17  Marine  
  35  6:19  Combat Shields  
  35  6:20  SCV  
  36  6:25  Marine  
  36  6:27  SCV  
  36  6:31  Marauder  
  36  6:32  SCV  
  41  6:36  Marine  
  41  6:39  SCV  
  43  6:43  Starport, Factory Reactor  
  43  6:44  SCV  
  43  6:45  Marine  
  43  6:46  Refinery  
  45  6:51  SCV  
  46  7:14  Marauder  
  37  7:40  Medivac  
  37  7:42  Medivac  
  23  8:17  Marine x3  
  22  8:27  SCV  
  23  8:29  SCV  
  24  8:35  Marine x3  
  27  8:39  SCV  
  27  8:41  SCV  
  27  8:51  SCV  
  27  8:53  SCV  
Show
View Real Time Build Order
Export as new Build Order

TMN Protoss 

Build Orders: Mass Adepts 

Get SALT Encoding   

  12  0:00  Probe (Chrono Boost)  
  13  0:11  Probe (Chrono Boost)  
  14  0:18  Pylon  
  14  0:23  Probe (Chrono Boost)  
  15  0:37  Probe (Chrono Boost)  
  15  0:41  Gateway  
  16  0:46  Assimilator  
  16  0:49  Probe (Chrono Boost)  
  17  0:58  Pylon  
  17  1:00  Probe (Chrono Boost)  
  18  1:11  Probe (Chrono Boost)  
  19  1:17  Gateway  
  19  1:21  Probe (Chrono Boost)  
  20  1:31  Cybernetics Core  
  20  1:38  Probe (Chrono Boost)  
  21  1:45  Assimilator  
  21  1:48  Probe (Chrono Boost)  
  22  1:59  Probe (Chrono Boost)  
  23  2:10  Adept x2, Mothership Core (Chrono Boost)  
  29  2:16  Pylon  
  29  2:19  Warp Gate (Chrono Boost)  
  29  2:37  Adept  
  31  2:48  Pylon  
  31  2:49  Pylon  
  28  3:13  Adept  
  28  3:14  Adept  
  28  3:18  Gateway  
  32  3:23  Gateway  
  28  3:49  Adept x2  
  28  3:55  Pylon  
  32  3:56  Pylon  
  28  4:20  Mothership Core (Chrono Boost)  
  30  4:28  Stalker x4  
  38  4:50  Pylon  
  38  4:51  Adept x4  
  23  5:24  Stalker x4  
  31  5:47  Sentry  
  31  5:48  Sentry x3  
  39  6:15  Adept x2  
  39  6:16  Adept x2  
  47  6:41  Stalker x3  
  47  6:43  Stalker  
  53  7:15  Adept x4  
  43  7:34  Sentry  
  43  7:35  Zealot  
  43  7:36  Zealot x2  
  31  8:16  Stalker  
  31  8:17  Stalker x3  
Tags
 
Add a new tag
Caveats
  • Supply blocks, unpowered buildings, or Contaminate may cause inaccurate times.
  • Supply counts are checked every 10 seconds.